 Dungeon Crawl Stone Soup version 0.28-a0-895-g6e5f11bd55 (webtiles) character file.

Game seed: 11451413638611399473

1012 vineage the Fighter (level 8, -1/54 HPs)
             Began as a Gargoyle Fighter on Nov 22, 2021.
             Was a Follower of Okawaru.
             Killed by divine providence
             ... invoked by an orc priest
              (10 damage)
             ... on level 4 of the Dungeon.
             The game lasted 00:07:53 (5604 turns).

vineage the Fighter (Gargoyle Fighter)              Turns: 5604, Time: 00:07:53

Health: -1/54      AC: 16    Str: 21      XL:     8   Next: 21%
Magic:  8/8        EV:  9    Int: 13 (14) God:    Okawaru [*.....]
Gold:   259        SH: 10    Dex: 11      Spells: 7/7 levels left

rFire   . . .      SeeInvis .   a - +1 flail
rCold   . . .      Faith    .   c - +0 buckler
rNeg    + . .      Spirit   .   b - +0 scale mail
rPois   ∞          Reflect  +   (no helmet)
rElec   +          Harm     .   j - scarf {shadows}
rCorr   .          Rampage  +   (no gloves)
Will    .....                   g - +2 pair of boots {rampage}
Stlth   ..........              f - amulet of reflection
HPRegen 0.18/turn               d - +6 ring of intelligence
MPRegen 0.11/turn               (no ring)

@: no status effects
A: sickness immunity, AC +5, negative energy resistance 1, electricity
resistance, torment resistance 1, petrification resistance
a: Renounce Religion, Heroism


You were on level 4 of the Dungeon.
You worshipped Okawaru.
Okawaru was aware of your devotion.
You visited 1 branch of the dungeon, and saw 5 of its levels.

You collected 259 gold pieces.

Inventory:

Hand Weapons
 a - a +1 flail (weapon)
Armour
 b - a +0 scale mail (worn)
 c - a +0 buckler (worn)
 g - a +2 pair of boots of rampaging (worn)
 j - a scarf of shadows (worn)
Jewellery
 d - a +6 ring of intelligence (left hand)
 f - an amulet of reflection (around neck)
 k - an amulet of guardian spirit
Wands
 m - a wand of digging (8)
Scrolls
 e - a scroll of identify
Potions
 h - 2 potions of attraction
 i - 4 potions of brilliance
 o - a potion of ambrosia


   Skills:
 * Level 8.0 Fighting
 - Level 2.0 Maces & Flails
 + Level 6.0 Armour
 + Level 6.0 Shields


You had 7 spell levels left.
You didn't know any spells.
Your spell library contained the following spells:

 Spells                   Type           Power      Damage    Failure   Level
 Beastly Appendage        Tmut           0%         N/A       61%         1
 Wereblood                Tmut           0%         N/A       75%         2
 Frozen Ramparts          Ice            0%         1d2       93%         3
 Spider Form              Tmut/Pois      0%         N/A       93%         3
 Ice Form                 Ice/Tmut       0%         N/A       100%        4
 Summon Ice Beast         Ice/Summ       Unusable   N/A       N/A         4

Dungeon Overview and Level Annotations

Branches:
Dungeon (5/15)
 Temple: D:4-7

Altars:
Gozag
Kikubaaqudgha
Makhleb
Okawaru
Trog
Yredelemnul

Shops:
D:1 :   D:4 ?


Innate Abilities, Weirdness & Mutations

You are immune to sickness and miasma.
Your stone body is resilient. (AC +5)
You are immune to poison.
You resist negative energy. (rN+)
You are resistant to electric shocks. (rElec)
You are resistant to unholy torment.
You are immune to petrification.


Message History

You block the orc's attack.
Your surroundings suddenly seem different.
You start resting.
An orc warrior is nearby!
An orc warrior is nearby!
An orc warrior is nearby!
You rampage towards the orc!
The orc hits you but does no damage.
You hit the orc.
You kill the orc!
Okawaru accepts your kill.
Things that are here:
a +0 trident; an orc corpse An orc warrior is nearby!
A dart slug comes into view.
The dart slug launches a dart at you.
The slug dart hits you but does no damage.
There is an escape hatch in the ceiling here.
A mysterious force pulls you upwards. The hatch slams shut behind you.
Reactivating autopickup.
You start resting.
An orc priest is nearby!
You start resting.
An orc priest is nearby!
You start resting.
An orc priest is nearby!
The orc priest hits you but does no damage.
You barely miss the orc priest. You block the orc priest's attack.
You closely miss the orc priest.
The orc priest calls down the wrath of Beogh upon you.
Beogh smites you!
* * * LOW HITPOINT WARNING * * *
You hit the orc priest but do no damage.
The orc priest misses you.
The orc priest looks braver for a moment.
You closely miss the orc priest.
The orc priest hits you but does no damage.
You completely miss the orc priest.
The orc priest mumbles some strange prayers to Beogh against you.
Beogh smites you!
You die...

.....#.................##
.....##..##............####
........###............#..#
.......###......).........#
.......###..#.............##
.....#.##..##..............#
#.#.##.#...###.............###
#.###......###...............##
...............o@.............#
#...............#.............#
##....#.........##.#.....#..###
#...##.........##.#.....#.####
#...##..........#............#
#..###.................#.....#
#..###.......................###
##...##..##.....o..)[........#...
............o.##.............#...


You could see an orc priest.

Vanquished Creatures
  An ice beast (D:5)
  An ogre (D:5)
  2 phantoms (D:5)
  A scorpion (D:4)
  A wyvern skeleton (D:5)
  A water moccasin skeleton (D:5)
  A centaur zombie (D:5)
  2 orc priests
  A centaur skeleton (D:4)
  2 hounds (D:4)
  2 iguanas
  Terence (D:3)
  2 orc wizards (D:5)
  A hound skeleton (D:4)
  6 adders
  2 ufetubi (D:5)
  A worm zombie (D:4)
  An adder skeleton (D:4)
  2 worms
  3 dart slugs
  22 orcs
  4 ball pythons
  4 bats
  5 endoplasms
  2 giant cockroaches
  A gnoll zombie (D:4)
  9 goblins
  5 hobgoblins
  10 jackals
  5 kobolds
  5 quokkas
  2 frilled lizards
  5 rats
113 creatures vanquished.

Vanquished Creatures (others)
  4 fungi (D:5)
4 creatures vanquished.

Grand Total: 117 creatures vanquished

Notes
Turn   | Place    | Note
-------+----------+-------------------------------------------
     0 | D:1      | vineage the Gargoyle Fighter began the quest for the Orb.
     0 | D:1      | Reached XP level 1. HP: 14/14 MP: 1/1
   122 | D:1      | Reached XP level 2. HP: 19/19 MP: 2/2
   230 | D:1      | Found Uremo's Book Shop.
   652 | D:1      | Reached XP level 3. HP: 22/24 MP: 3/3
   655 | D:1      | Reached skill level 4 in Fighting
  1026 | D:2      | Reached XP level 4. HP: 30/30 MP: 4/4
  1755 | D:3      | Found a faded altar of an unknown god.
  2075 | D:3      | Reached XP level 5. HP: 24/34 MP: 5/5
  2538 | D:3      | Noticed Terence
  2543 | D:3      | Killed Terence
  2544 | D:3      | Reached skill level 5 in Fighting
  2684 | D:4      | Found Qyuc Nidgh's Magic Scroll Boutique.
  2723 | D:4      | Reached XP level 6. HP: 20/40 MP: 6/6
  2971 | D:4      | Found an iron altar of Okawaru.
  2972 | D:4      | Found a bloodstained altar of Trog.
  2986 | D:4      | Became a worshipper of Warmaster Okawaru
  3044 | D:4      | HP: 2/41 [iguana (4)]
  3053 | D:4      | Reached skill level 6 in Fighting
  3216 | D:4      | Found an opulent altar of Gozag.
  3326 | D:4      | Found an ancient bone altar of Kikubaaqudgha.
  3327 | D:4      | Found a burning altar of Makhleb.
  3328 | D:4      | Found a basalt altar of Yredelemnul.
  3368 | D:5      | Entered Level 5 of the Dungeon
  3400 | D:5      | Reached skill level 5 in Armour
  3400 | D:5      | Reached skill level 5 in Shields
  3400 | D:5      | Reached XP level 7. HP: 11/47 MP: 7/7
  4606 | D:5      | Reached skill level 7 in Fighting
  4639 | D:5      | Reached * piety under Okawaru
  5078 | D:5      | Reached XP level 8. HP: 44/53 MP: 8/8
  5331 | D:5      | Reached skill level 8 in Fighting
  5466 | D:5      | HP: 1/54 [orc (5)]
  5604 | D:4      | Killed from afar by an orc priest

Illustrated notes

Levels and vault maps discovered:
D:1:      dpeg_arrival_ternary, layout_loops_ring, serial_shops,
          nicolae_shop_stone
D:2:      layout_basic, grunt_ministairs_14
D:3:      layout_loops_ring, shapermc_ecumenical_altar_starsandcircs,
          serial_park_tiny_pond, minmay_crystal_room, uniq_terence
D:4:      layout_cave_pools, chequers_temple_overflow_statue_of_worship,
          grunt_temple_overflow_bloody_war, serial_shops, shop, enter_ossuary_3
D:5:      layout_gridville, kennysheep_slug_shrine, guppyfry_early_orc_mine,
          uniq_crazy_yiuf_cottage

Skill      XL: |  1  2  3  4  5  6  7  8 |
---------------+-------------------------+-----
Fighting       | 4 5 6 7 8 |  8.0
Armour         | 4 5 6 |  6.0
Shields        | 4 5 6 |  6.0
Maces & Flails | |  2.0

Action                   |  1- 3 |  4- 6 |  7- 9 || total
-------------------------+-------+-------+-------++-------
Melee: Flail             |    86 |   220 |   177 ||   483
  Use: Scroll            |       |     7 |     4 ||    11
       Potion            |       |     6 |     1 ||     7
Armor: Scale mail        |    67 |   119 |    89 ||   275
Dodge: Dodged            |    52 |    95 |    64 ||   211
Block: Buckler           |    19 |    57 |    91 ||   167
       Reflection        |       |       |     2 ||     2

Table legend: (Time is in decaauts)
 A = Elapsed time spent in this place.
 B = Non-inter-level travel time spent in this place.
 C = Inter-level travel time spent in this place.
 D = Time resting spent in this place.
 E = Time spent auto-exploring this place.
 F = Levels seen in this place.
 G = Mean time per level.
                   A        B        C        D        E       F      G
               +--------+--------+--------+--------+--------+-----+--------+
         Total |   5737 |   5550 |    187 |    676 |   3740 |   5 | 1147.4 |
       Dungeon |   5737 |   5550 |    187 |    676 |   3740 |   5 | 1147.4 |
               +--------+--------+--------+--------+--------+-----+--------+

Top non-repeatable levels by time:
     D:4: 1655 daAuts
     D:5: 1335 daAuts
     D:3: 1032 daAuts
     D:1: 938 daAuts
     D:2: 775 daAuts
